 Dungeon Crawl Stone Soup version 0.18.1-48-g4cf74bf (webtiles) character file.

153414 nikopol the Impaler (level 17, -2/234 HPs)
             Began as a Minotaur Berserker on Aug 4, 2016.
             Was the Champion of Trog.
             Slain by a glaive of venom (13 damage)
             ... on level 2 of the Elven Halls.
             The game lasted 01:49:48 (29453 turns).

nikopol the Impaler (Minotaur Berserker)           Turns: 29453, Time: 01:49:49

Health: -2/234     AC: 28    Str: 25    XL:     17   Next: 4%
Magic:  5/5        EV: 18    Int:  4    God:    Trog [******]
Gold:   2113       SH:  0    Dex: 21    Spells: 0 memorised, 16 levels left

rFire  + . .     SeeInvis .     a - +5 glaive (antimagic)
rCold  . . .     Gourm    .     H - +3 plate armour {rPois}
rNeg   + + +     Faith    .     (shield currently unavailable)
rPois  +         Spirit   .     (helmet restricted)
rElec  .         Dismiss  .     e - +0 cloak "Tenural" {rN++ MR+++ Str-5 Slay+2}
rCorr  .         Reflect  .     Q - +1 pair of gloves
SustAt .         Harm     .     T - +2 pair of boots
MR     ++++.                    f - amulet of regeneration
Stlth  ..........               E - ring of Asis {+Fly rN+ Str+3 Dex+2}
                                C - ring of protection from fire

@: berserking (expiring), lethally poisoned (-2 -> -4), very quick, incredibly
resistant to hostile enchantments, extremely unstealthy
A: retaliatory headbutt, horns 2, agile 1
a: Berserk, Trog's Hand, Brothers in Arms, Burn Spellbooks, Renounce Religion,
Evoke Flight


You were on level 2 of the Elven Halls.
You worshipped Trog.
Trog was exalted by your worship.
You were hungry.

You visited 4 branches of the dungeon, and saw 27 of its levels.
You also visited: Sewer.

You collected 2612 gold pieces.
You spent 499 gold pieces at shops.

Inventory:

Hand Weapons
 a - a +5 antimagic glaive (weapon)
 v - the +10 trident of Immorality {venom, rN+}
   (You found it on level 14 of the Dungeon)

   It poisons the flesh of those it strikes.
   It protects you from negative energy.
 z - a +3 longbow of flaming
 I - a +2 antimagic halberd
 P - a +2 bardiche of chopping
Missiles
 o - 802 arrows (quivered)
Armour
 e - the +0 cloak "Tenural" (worn) {rN++ MR+++ Str-5 Slay+2}
   (You acquired it on level 14 of the Dungeon)

   It affects your strength (-5).
   It affects your accuracy and damage with ranged weapons and melee attacks
   (+2).
   It greatly protects you from negative energy.
   It affects your resistance to hostile enchantments.
 u - a +0 shield of reflection
 H - a +3 plate armour of poison resistance (worn)
 Q - a +1 pair of gloves (worn)
 T - a +2 pair of boots (worn)
Jewellery
 f - an amulet of regeneration (around neck)
 m - an uncursed ring of resist corrosion
 C - a ring of protection from fire (left hand)
 E - the ring of Asis (right hand) {+Fly rN+ Str+3 Dex+2}
   (You found it on level 14 of the Dungeon)

   [ring of flight]

   It affects your strength (+3).
   It affects your dexterity (+2).
   It protects you from negative energy.
   It lets you fly.
 G - a +3 ring of protection
 R - an uncursed ring of protection from cold {unknown}
Wands
 t - a wand of disintegration (18/24)
 A - a wand of acid (14/15)
 D - a wand of acid (5/15)
 K - a wand of teleportation (7/9)
Scrolls
 b - 4 scrolls of identify
 d - 2 scrolls of enchant armour
 h - a scroll of summoning
 i - 5 scrolls of teleportation
 k - 9 scrolls of remove curse
 w - a scroll of blinking
 x - 4 scrolls of magic mapping
 y - a scroll of holy word
 N - a scroll of fear
 S - 5 scrolls of fog
 Y - a scroll of enchant weapon
Potions
 g - 5 potions of flight
 n - 17 potions of curing
 p - 3 potions of might
 q - a potion of cure mutation {unknown}
 r - 3 potions of berserk rage
 s - 6 potions of agility
 B - 3 potions of brilliance
 F - 3 potions of haste
 J - a potion of resistance
 M - 3 potions of invisibility
 U - 2 potions of heal wounds
 V - 3 potions of ambrosia
Comestibles
 c - 14 bread rations
 j - 10 meat rations
 l - 44 fruits
 L - 6 slices of pizza
 O - 21 beef jerkies
 W - 3 chunks of flesh


   Skills:
 + Level 15.0 Fighting
 * Level 18.8 Polearms
 * Level 17.4 Bows
 * Level 15.6 Armour
 + Level 13.8 Dodging


You had 16 spell levels left.
You didn't know any spells.

Dungeon Overview and Level Annotations

Branches:
Dungeon (15/15)            Temple (0/1) D:5            Lair (8/8) D:10
  Swamp (0/4) Lair:3       Spider (0/4) Lair:4        Slime (0/6) Lair:6
    Orc (2/2) D:12            Elf (2/3) Orc:2        Vaults (0/5) D:14
 Depths (0/5) D:15

Altars:
Ashenzari
Cheibriados
Dithmenos
Elyvilon
Gozag
Kikubaaqudgha
Makhleb
Okawaru
Pakellas
Ru
Vehumet
Xom
Zin
Jiyva

Shops:
D:5 :   D:9 *   D:15 }   Orc:2 *%:[   Elf:1 [

Portals:
Pandemonium: Orc:2

Annotations:
Elf:2 Nikola


Innate Abilities, Weirdness & Mutations

You reflexively headbutt those who attack you in melee.
You have a pair of horns on your head.
You are agile. (Dex +2)


Message History

You barely miss Nikola. You headbutt Nikola!
Nikola is severely wounded.
You feel sick.
The glaive of venom hits you from afar!!
* * * LOW HITPOINT WARNING * * *
You closely miss Nikola. You headbutt Nikola!
Nikola is severely wounded.
You feel sick.
Your stone giant hits the antimagic bardiche!!!
The antimagic bardiche falls from the air.
Nikola falters for a moment.
You slice Nikola!!
Nikola's magic leaks into the air.
Nikola is almost dead.
You feel sick.
Your stone giant completely misses the glaive of venom.
A long sword of freezing comes into view.
You slash Nikola!
Nikola's magic leaks into the air.
You headbutt Nikola.
Nikola is almost dead.
You feel sick. The glaive of venom hits you from afar!
You die...

#.........
##.....#.....
##.......##
##)..###....
#.........###...##
####'
...........#))..##
#..
...........).)...##
#..
..................#
#.. .#.......)...##
#.. ##.........##
#.. #@........# #..
#@)C........# #..
..e)(.........# #..
...............##
#..
...........##...##
#..
##..(....#####..#
#.. ##(....## #..
((..... ##. ##


You could see Nikola, a deep elf mage, 2 dancing weapons and a friendly stone
giant (berserk).

Vanquished Creatures
  Wiglaf (Elf:2)
  A deep elf sorcerer (Elf:1)
  Donald (Elf:1)
  Louise (Elf:1)
  A deep elf elementalist (Elf:2)
  A stone giant (Orc:2)
  Azrael (D:13)
  A deep elf death mage (Elf:1)
  A fire dragon (Lair:8)
  Harold (Lair:1)
  8 hydras
  3 centaur warriors (D:15)
  A rakshasa (D:15)
  An ogre mage (D:14)
  A death knight (D:15)
  A tengu warrior (D:15)
  19 dancing weapons
  3 death yaks (Lair:5)
  7 orc high priests
  Urug (D:15)
  9 deep elf knights
  A salamander mystic (D:15)
  2 unseen horrors
  2 infernal demonspawn (Orc:2)
  3 wizards
  A putrid demonspawn (Orc:2)
  3 hill giants
  A lindwurm (Lair:5)
  5 deep elf archers
  A torturous demonspawn (Orc:2)
  4 orc knights (Orc:2)
  A necromancer (D:15)
  36 deep elf magi
  2 manticores
  An oklob plant (Lair:6)
  2 griffons
  4 cyclopes
  An orb spider (Lair:4)
  5 orc sorcerers (Orc:2)
  21 ugly things
  A sixfirhy (Orc:2)
  2 salamanders (D:15)
  A rust devil (Orc:2)
  24 elephants
  A naga mage (D:15)
  Maurice (D:13)
  4 black mambas
  An orange demon (Orc:2)
  A gargoyle (D:15)
  25 spiny frogs
  A redback zombie (D:15)
  10 komodo dragons
  7 rime drakes
  An efreet (D:13)
  A freezing wraith (D:15)
  A kobold demonologist (D:11)
  A tengu conjurer (D:15)
  3 trolls
  8 polar bears (Lair:8)
  A red devil (Orc:2)
  4 two-headed ogres
  A boulder beetle (Lair:7)
  7 slime creatures
  3 raiju (Lair:8)
  33 blink frogs
  5 air elementals
  A wyvern (D:8)
  25 yaks
  A ynoxinul (Orc:2)
  Sigmund (D:2)
  3 steam dragons (Lair:8)
  3 fire elementals
  3 hungry ghosts
  4 basilisks
  7 hippogriffs
  6 humans (Lair:5)
  2 mottled dragons (Lair:8)
  12 vampire mosquitoes
  A neqoxec (Orc:2)
  6 wargs
  Edmund (D:5)
  A naga (shapeshifter) (D:14)
  A soldier ant (D:14)
  3 swamp worms (Lair:3)
  12 water moccasins
  9 hell hounds
  19 orc warriors
  8 porcupines
  3 ice beasts
  A sky beast (D:8)
  A wasp (D:9)
  2 phantoms
  13 ogres
  15 black bears
  18 centaurs
  29 wolves
  18 crocodiles
  7 big kobolds
  20 giant frogs
  3 earth elementals
  A wyvern skeleton (D:9)
  3 scorpions
  10 wights
  A killer bee (D:9)
  9 electric eels
  A howler monkey (D:10)
  4 crimson imps
  A giant frog zombie (D:8)
  A centaur zombie (D:11)
  6 jellies
  7 centaur skeletons
  Crazy Yiuf (D:4)
  15 orc priests
  13 orc wizards
  4 giant frog skeletons
  16 hounds
  Jessica (D:3)
  Terence (D:2)
  11 iguanas
  10 worker ants
  A killer bee zombie (D:7)
  25 sheep
  A gnoll (D:1)
  9 adders
  46 river rats
  2 shadow imps
  An ooze (D:3)
  2 adder skeletons
  4 worms
  3 dart slugs
  13 giant geckos
  48 orcs
  11 bats
  9 giant cockroaches
  6 goblins
  4 hobgoblins
  19 jackals
  20 kobolds
  4 quokkas
  A giant gecko skeleton (D:7)
  A giant gecko zombie (D:5)
  9 giant newts
  A jackal zombie (D:5)
  A quokka skeleton (D:10)
  A quokka zombie (D:6)
  11 rats
  A bush (Lair:6)
  3 fire vortices (D:15)
  8 fungi
  2 plants (Lair:8)
950 creatures vanquished.

Vanquished Creatures (collateral kills)
  3 death yaks (Lair:5)
  A dancing weapon (Elf:2)
4 creatures vanquished.

Vanquished Creatures (others)
  A salamander stormcaller (D:15)
  A deep elf knight (Elf:2)
  A bush (Lair:5)
  A fire vortex (D:15)
  5 fungi
  18 plants
27 creatures vanquished.

Grand Total: 981 creatures vanquished

Notes
Turn   | Place    | Note
--------------------------------------------------------------
     0 | D:1      | nikopol the Minotaur Berserker began the quest for the Orb.
     0 | D:1      | Reached XP level 1. HP: 19/19 MP: 0/0
    39 | D:1      | Reached XP level 2. HP: 15/27 MP: 1/1
   567 | D:1      | Reached XP level 3. HP: 33/33 MP: 2/2
   712 | D:2      | Reached skill level 4 in Polearms
   751 | D:2      | Noticed Sigmund
   775 | D:2      | Killed Sigmund
   775 | D:2      | Reached ** piety under Trog
   775 | D:2      | Reached XP level 4. HP: 20/41 MP: 3/3
   775 | D:2      | Reached XP level 5. HP: 23/47 MP: 4/4
  1047 | D:2      | Found a faded altar to an unknown god.
  1225 | D:2      | Noticed Terence
  1230 | D:2      | Reached skill level 5 in Fighting
  1266 | D:2      | Killed Terence
  1397 | D:2      | Found a shimmering altar of Xom.
  1616 | D:3      | Reached skill level 5 in Polearms
  1750 | D:3      | Noticed Jessica
  1752 | D:3      | Killed Jessica
  1752 | D:3      | Reached XP level 6. HP: 56/56 MP: 5/5
  2044 | D:3      | Found a radiant altar of Vehumet.
  2299 | D:3      | Reached *** piety under Trog
  2591 | D:4      | Reached skill level 5 in Armour
  2591 | D:4      | Reached XP level 7. HP: 47/62 MP: 6/6
  2648 | D:4      | Found a glowing drain.
  2669 | Sewer    | Entered a sewer
  2783 | Sewer    | Found a white marble altar of Elyvilon.
  3093 | D:4      | Noticed Crazy Yiuf
  3099 | D:4      | Killed Crazy Yiuf
  3099 | D:4      | Reached skill level 5 in Dodging
  3175 | D:4      | Reached **** piety under Trog
  3530 | D:5      | Entered Level 5 of the Dungeon
  3547 | D:5      | Found an opulent altar of Gozag.
  3589 | D:5      | Found a staircase to the Ecumenical Temple.
  3618 | D:5      | Found Butol's Book Boutique.
  3807 | D:5      | Noticed Edmund
  3818 | D:5      | Killed Edmund
  3818 | D:5      | Reached skill level 6 in Polearms
  3884 | D:5      | Found a burning altar of Makhleb.
  4498 | D:6      | Found a glowing silver altar of Zin.
  4531 | D:6      | Found a sacrificial altar of Ru.
  4562 | D:6      | Found a shattered altar of Ashenzari.
  4565 | D:6      | Found an iron altar of Okawaru.
  4568 | D:6      | Found a shadowy altar of Dithmenos.
  4665 | D:6      | Reached XP level 8. HP: 63/71 MP: 7/7
  4676 | D:6      | Found an ancient bone altar of Kikubaaqudgha.
  5289 | D:7      | Found a snail-covered altar of Cheibriados.
  5378 | D:7      | Reached skill level 7 in Polearms
  5766 | D:7      | Reached XP level 9. HP: 76/81 MP: 8/8
  5770 | D:7      | Found a shadowy altar of Dithmenos.
  5828 | D:7      | Found a white marble altar of Elyvilon.
  6105 | D:8      | Reached skill level 8 in Polearms
  6651 | D:8      | Reached ***** piety under Trog
  6778 | D:8      | Reached skill level 9 in Polearms
  7011 | D:8      | Noticed a two-headed hydra
  7021 | D:8      | Killed a nine-headed hydra
  7021 | D:8      | Reached skill level 10 in Polearms
  7021 | D:8      | Reached XP level 10. HP: 56/91 MP: 9/9
  7258 | D:9      | Received a gift from Trog
  7405 | D:9      | Found Ahaqanes's Assorted Antiques.
  7947 | D:10     | Entered Level 10 of the Dungeon
  8504 | D:10     | Reached skill level 1 in Bows
  8550 | D:10     | Reached skill level 11 in Polearms
  8599 | D:10     | Found a staircase to the Lair.
  8650 | D:10     | Noticed a hill giant
  8651 | D:10     | Received a gift from Trog
  8663 | D:10     | Killed a hill giant
  9065 | Lair:1   | Entered Level 1 of the Lair of Beasts
  9258 | Lair:1   | Noticed a spiny frog
  9271 | Lair:1   | Killed a spiny frog
  9359 | Lair:1   | Noticed a black mamba
  9376 | Lair:1   | Killed a black mamba
  9376 | Lair:1   | Reached skill level 10 in Fighting
  9376 | Lair:1   | Reached skill level 10 in Armour
  9412 | Lair:1   | Noticed a spiny frog
  9421 | Lair:1   | Noticed Harold
  9424 | Lair:1   | Killed a spiny frog
  9424 | Lair:1   | Reached XP level 11. HP: 34/99 MP: 3/10
  9791 | Lair:1   | Killed Harold
 10120 | Lair:1   | Got a coiled wooden ring
 10590 | Lair:1   | Got a faintly humming leather armour
 10603 | Lair:1   | Identified the cursed +1 leather armour "Hiblu" {MR++ Str+2} (You found it on level 1 of the Lair of Beasts)
 10603 | Lair:1   | Identified the ring of Sipten {Str+5 Int+3} (You found it on level 1 of the Lair of Beasts)
 10754 | Lair:2   | Reached skill level 12 in Polearms
 10761 | Lair:2   | Noticed a six-headed hydra
 10772 | Lair:2   | Killed a nine-headed hydra
 10772 | Lair:2   | Reached skill level 5 in Bows
 11110 | Lair:2   | Received a gift from Trog
 11980 | Lair:3   | Reached XP level 12. HP: 108/108 MP: 3/11
 11994 | Lair:3   | Reached skill level 13 in Polearms
 12457 | Lair:3   | Found a staircase to the Swamp.
 12768 | Lair:4   | Reached skill level 10 in Dodging
 13022 | Lair:4   | Found a hole to the Spider Nest.
 13083 | Lair:4   | Received a gift from Trog
 13199 | Lair:4   | Noticed an eight-headed hydra
 13207 | Lair:4   | Killed a ten-headed hydra
 13751 | Lair:5   | Reached skill level 14 in Polearms
 14032 | Lair:5   | Noticed a death yak
 14034 | Lair:5   | Noticed a death yak
 14035 | Lair:5   | Noticed a death yak
 14036 | Lair:5   | Noticed a death yak
 14047 | Lair:5   | Killed a death yak
 14051 | Lair:5   | Killed a death yak
 14066 | Lair:5   | Killed a death yak
 14068 | Lair:5   | Noticed a death yak
 14068 | Lair:5   | Killed a death yak
 14069 | Lair:5   | Noticed a death yak
 14071 | Lair:5   | Killed a death yak
 14071 | Lair:5   | Reached XP level 13. HP: 113/116 MP: 4/12
 14151 | Lair:5   | Received a gift from Trog
 14389 | Lair:5   | Received a gift from Trog
 14440 | Lair:5   | Reached skill level 10 in Bows
 15025 | Lair:6   | Received a gift from Trog
 15772 | Lair:6   | Reached skill level 15 in Polearms
 16006 | Lair:6   | Found a staircase to the Slime Pits.
 16006 | Lair:6   | Found a viscous altar of Jiyva.
 16414 | Lair:7   | Received a gift from Trog
 17424 | Lair:8   | Entered Level 8 of the Lair of Beasts
 17543 | Lair:8   | Reached ****** piety under Trog
 17543 | Lair:8   | Received a gift from Trog
 17618 | Lair:8   | Reached XP level 14. HP: 126/126 MP: 4/13
 17838 | Lair:8   | Received a gift from Trog
 18415 | Lair:8   | Received a gift from Trog
 18530 | Lair:8   | Received a gift from Trog
 18615 | Lair:8   | Reached skill level 16 in Polearms
 18834 | Lair:8   | Received a gift from Trog
 20526 | D:12     | Received a gift from Trog
 20626 | D:12     | Gained mutation: You are agile. (Dex +2) [potion of beneficial mutation]
 20678 | D:12     | Received a gift from Trog
 21083 | D:12     | Found a staircase to the Orcish Mines.
 21155 | Orc:1    | Entered Level 1 of the Orcish Mines
 21410 | Orc:2    | Entered Level 2 of the Orcish Mines
 21452 | Orc:2    | Found a staircase to the Elven Halls.
 21722 | Orc:2    | Found Yruoff's General Store.
 21752 | Orc:2    | Found Wocuwosu's Food Emporium.
 21915 | Orc:2    | Reached XP level 15. HP: 135/135 MP: 14/14
 21929 | Orc:2    | Received a gift from Trog
 22135 | Orc:2    | Paralysed by an orc sorcerer for 5 turns
 22239 | Orc:2    | Reached skill level 17 in Polearms
 22276 | Orc:2    | Found Hiunuoj's Antique Armour Shop.
 22276 | Orc:2    | Found a one-way gate leading to the halls of Pandemonium.
 22276 | Orc:2    | Found Suitic's Book Boutique.
 22299 | Orc:2    | Bought a dazzling ring mail for 333 gold pieces
 22299 | Orc:2    | Bought a pair of embroidered boots for 166 gold pieces
 22328 | Orc:2    | Identified the cursed +0 ring mail "Jyityan" {MR+ Dex+3} (You bought it in a shop on level 2 of the Orcish Mines)
 23185 | D:13     | Noticed Maurice
 23186 | D:13     | Killed Maurice
 23595 | D:13     | Noticed Azrael
 23613 | D:13     | Killed Azrael
 23735 | D:14     | Received a gift from Trog
 23759 | D:14     | Found a gate to the Vaults.
 23789 | D:14     | Got an encrusted trident
 23790 | D:14     | Identified the +10 trident of Immorality {venom, rN+} (You found it on level 14 of the Dungeon)
 23811 | D:14     | Identified 2 scrolls of acquirement
 23812 | D:14     | Got a crude cloak
 23823 | D:14     | Identified the +0 cloak "Tenural" {rN++ MR+++ Str-5 Slay+2} (You acquired it on level 14 of the Dungeon)
 23833 | D:14     | Got a transparent shield
 23839 | D:14     | Identified the +3 shield "Eghusav" {rPois rF+++ MP-9 Slay-6} (You acquired it on level 14 of the Dungeon)
 24076 | D:14     | Reached skill level 15 in Bows
 24088 | D:14     | Received a gift from Trog
 24505 | D:14     | Got a transparent marble ring
 24509 | D:14     | Identified the ring of Asis {+Fly rN+ Str+3 Dex+2} (You found it on level 14 of the Dungeon)
 24708 | D:15     | Entered Level 15 of the Dungeon
 24992 | D:15     | Found an oddly glowing altar of Pakellas.
 24992 | D:15     | Found Pakellas's Prime Provisions.
 25073 | D:14     | Received a gift from Trog
 25290 | D:15     | Noticed Urug
 25302 | D:15     | Killed Urug
 25916 | D:15     | Reached XP level 16. HP: 112/145 MP: 15/15
 25965 | D:15     | Reached skill level 18 in Polearms
 26304 | D:15     | Found a staircase to the Depths.
 26536 | Elf:1    | Entered Level 1 of the Elven Halls
 26696 | Elf:1    | Noticed Louise
 26712 | Elf:1    | Killed Louise
 26828 | Elf:1    | Found Henaruyph's Armour Boutique.
 26846 | Elf:1    | Noticed Donald
 26854 | Elf:1    | Killed Donald
 26854 | Elf:1    | Received a gift from Trog
 27146 | Elf:1    | Identified the Grimoire of Attacks
 27330 | Elf:1    | Received a gift from Trog
 27495 | Elf:1    | Reached skill level 15 in Armour
 28046 | Elf:2    | Received a gift from Trog
 28341 | Elf:2    | Noticed Wiglaf
 28369 | Elf:2    | Killed Wiglaf
 28542 | Elf:2    | Found a huge runed gate.
 28542 | Elf:2    | Found a huge runed gate.
 28542 | Elf:2    | Found a huge runed gate.
 28542 | Elf:2    | Found a huge runed gate.
 28543 | Elf:2    | Found a huge runed gate.
 29390 | Elf:2    | Reached XP level 17. HP: 154/154 MP: 5/16
 29439 | Elf:2    | Noticed Nikola
 29445 | Elf:2    | Reached skill level 15 in Fighting
 29453 | Elf:2    | HP: 11/234 [poisoned by a glaive of venom]
 29453 | Elf:2    | Slain by a glaive of venom

Skill      XL: |  1  2  3  4  5  6  7  8  9 10 11 12 13 14 15 16 17 |
---------------+----------------------------------------------------+-----
Fighting       | 4 5 6 7 9 10 11 12 13 14 15 | 15.0
Polearms       | 4 5 6 7 10 11 12 14 15 16 17 18 | 18.8
Armour         | 3 4 5 7 8 10 11 12 13 14 15 | 15.6
Dodging        | 3 4 5 6 8 9 10 11 12 13 | 13.8
Bows           | 3 6 9 11 13 16 17 | 17.4

Action                   |  1- 3 |  4- 6 |  7- 9 | 10-12 | 13-15 | 16-18 || total
-------------------------+-------+-------+-------+-------+-------+-------++-------
Melee: Spear             |    50 |   148 |   250 |       |       |       ||   448
       Headbutt          |     7 |    20 |    73 |   134 |   270 |    49 ||   553
       Halberd           |       |       |   128 |   473 |   926 |       ||  1527
       Trident           |       |       |       |       |   124 |   149 ||   273
       Glaive            |       |       |       |       |       |   112 ||   112
       Longbow           |       |       |       |       |       |     1 ||     1
 Fire: Shortbow          |       |       |       |   321 |   417 |       ||   738
       Longbow           |       |       |       |       |   459 |   192 ||   651
Invok: Berserk           |     1 |     1 |     5 |     7 |     8 |     6 ||    28
       Burn Spellbooks   |       |       |       |     2 |     4 |     1 ||     7
       Brothers in Arms  |       |       |       |     1 |       |     1 ||     2
       Trog's Hand       |       |       |       |       |     1 |       ||     1
  Use: Scroll            |       |     7 |     1 |     6 |    26 |     3 ||    43
       Potion            |       |       |     3 |       |     2 |       ||     5
 Stab: Sleeping          |     1 |       |     1 |       |       |       ||     2
  Eat: Chunk             |       |     5 |    20 |    24 |    47 |    15 ||   111
       Beef jerky        |       |     1 |       |       |       |       ||     1
       Pizza             |       |       |     2 |     2 |       |     1 ||     5
       Royal jelly       |       |       |       |     1 |       |       ||     1
Armor: Animal skin       |     1 |       |       |       |       |       ||     1
       Ring mail         |     2 |    33 |    16 |       |    50 |       ||   101
       Scale mail        |       |       |    74 |   186 |   249 |       ||   509
       Chain mail        |       |       |       |       |    10 |    22 ||    32
       Plate armour      |       |       |       |       |       |    98 ||    98
Dodge: Dodged            |    21 |    55 |   179 |   307 |   729 |   120 ||  1411
